 Dungeon Crawl Stone Soup version 0.16.2-12-gd0ad4c3 (webtiles) character file.

4199 SlimeFever the Martial Artist (level 10, -1/75 (79) HPs)
             Began as a Demonspawn Monk on Oct 19, 2015.
             Was an Elder of Ru.
             Killed by divine providence
             ... invoked by an orc priest
              (14 damage)
             ... on level 10 of the Dungeon on Oct 20, 2015.
             The game lasted 01:41:00 (12152 turns).

SlimeFever the Martial Artist (Demonspawn Monk)    Turns: 12152, Time: 01:41:00

HP:   -1/75 (79)    AC: 11    Str: 17    XL:     10   Next: 8%
MP:   19/19         EV: 17    Int: 12    God:    Ru [****..]
Gold: 440           SH:  0    Dex: 17    Spells: 0 memorised, 9 levels left

rFire  + + .     SeeInvis .     K - -2 hand axe "Pirolud" {pain, +Rage rF+ MR+ MP+9} (curse)
rCold  . . .     Clarity  .     d - +2 robe {MR+}
rNeg   . . .     SustAb   .     (no shield)
rPois  .         Gourm    .     t - +2 hat
rElec  .         Spirit   .     J - +1 cloak
rCorr  .         Warding  .     (no gloves)
rMut   .         Stasis   .     (boots unavailable)
MR     .....                    (no amulet)
Stlth  ++........               D - ring of protection from fire
                                h - +4 ring of strength

@: not resistant to hostile enchantments, unstealthy
A: talons 3, molten scales 2, powered by death 1, hated by all, no conjurations
magic, no necromancy magic, no poison magic, magic vulnerability 2
a: Draw Out Power, Power Leap, Renounce Religion, Evoke Berserk Rage


You were on level 10 of the Dungeon.
You worshipped Ru.
Ru was greatly pleased with you.
You were not hungry.

You visited 2 branches of the dungeon, and saw 11 of its levels.

You collected 440 gold pieces.

Inventory:

Hand weapons
 a - a +0 shortbow
 K - the cursed -2 hand axe "Pirolud" (weapon) {pain, +Rage rF+ MR+ MP+9}
   (You found it on level 9 of the Dungeon)

   In the hands of one skilled in necromantic magic, it inflicts extra damage on
   living creatures.
   It protects you from fire.
   It affects your resistance to hostile enchantments.
   It affects your magic capacity (+9).
   It lets you go berserk.
   It has a curse placed upon it.
Missiles
 i - 32 arrows
 x - 12 arrows of flame
 I - 2 silver tomahawks (quivered)
Armour
 d - a +2 robe of magic resistance (worn)
 t - a +2 hat (worn)
 J - a +1 cloak (worn)
Jewellery
 h - a +4 ring of strength (left hand)
 u - a +5 ring of intelligence
 A - an uncursed amulet of resist mutation
 D - a ring of protection from fire (right hand)
Scrolls
 c - a scroll of identify
 g - a scroll of fog
 p - 4 scrolls of teleportation
 y - 2 scrolls of amnesia
 G - 2 scrolls of fear
Potions
 e - 3 potions of brilliance
 f - a potion of mutation {unknown}
 j - a potion of flight {unknown}
 l - a potion of resistance
 o - a potion of cure mutation {unknown}
 s - 2 potions of ambrosia
 v - a potion of poison {unknown}
 w - a potion of agility
 z - a potion of haste {unknown}
 C - a potion of invisibility
 E - a potion of might
 F - a potion of berserk rage {unknown}
Comestibles
 b - 5 bread rations
 k - 2 slices of pizza
 m - 4 beef jerkies


   Skills:
 + Level 7.0 Fighting
 + Level 0.6 Axes
 + Level 1.2 Bows
 + Level 2.9 Throwing
 + Level 0.6 Armour
 + Level 8.3 Dodging
 - Level 2.0 Stealth
 * Level 9.1 Unarmed Combat


You had 9 spell levels left.
You didn't know any spells.

Dungeon Overview and Level Annotations

Branches:
Dungeon (10/15)            Temple (1/1) D:4            Lair (0/8) D:8
    Orc: D:9-12

Altars:
Ashenzari
Cheibriados
Dithmenos
Elyvilon
Fedhas
Gozag
Kikubaaqudgha
Makhleb
Nemelex Xobeh
Qazlal
Ru
Sif Muna
Trog
Vehumet
Xom
Yredelemnul
The Shining One

Annotations:
D:10 Kharon's ghost, powerful DEWz


Innate Abilities, Weirdness & Mutations

You have claws for feet.
You are mostly covered in molten scales (AC +3, EV -1).
You can steal the life force of nearby defeated enemies.
You are hated by all.
You cannot study or cast Conjurations magic.
You cannot study or cast Necromancy magic.
You cannot study or cast Poison magic.
You are vulnerable to magic.


Message History

Kharon's ghost hits you.
* * * LOW HITPOINT WARNING * * *
You focus your will and illuminate Kharon's ghost in retribution!
Kharon's ghost hits you but does no damage.
You hit Kharon's ghost but do no damage.
You claw Kharon's ghost, but do no damage.
Kharon's ghost is lightly damaged.
Kharon's ghost begins to cast a spell, but is stunned by your will!
As you read the scroll of teleportation, it crumbles to dust.
You feel strangely unstable.
Kharon's ghost hits you but does no damage.
Your surroundings suddenly seem different.
An orc comes into view. It is wielding a trident.
The orc shouts!
Found 22 gold pieces.
An orc priest and an orc wizard come into view.
The orc wizard moves out of view.
The orc priest calls down the wrath of Beogh upon you.
Something smites you!
You die...

*,,,,,,,,* *,*
**,**,,,..#####,*
,,,,,,,.......#,*
*,,,,,.........,*
*,,,,*#.......#**
,,,,,*#.......#
,,,,,,,.......#
,,,,,,,,,*#...######
*,,,,,,,,*#.....@..#
,,,,.........o####.#
,,,,,.........#***,#
,,,,,....o##...,**,*
,,,,,.....*#..#.**,*
,,,,,,...,,..$...,,*
,,,,,,,.,,....#,##**
,,,,,,,,**....#,********
,,,,,,,,**,...#,,,,,,,,*


You could see an orc priest and an orc.

Vanquished Creatures
  A troll (D:9)
  A yak (D:8)
  A hippogriff (D:9)
  A deep elf fighter (D:8)
  A wasp (D:8)
  4 orc warriors
  A water moccasin (D:8)
  2 sky beasts (D:9)
  3 ice beasts
  A necrophage (D:9)
  A phantom (D:5)
  2 ogres
  A centaur (D:8)
  Blork the orc (D:5)
  6 giant frogs
  4 wights (D:9)
  A scorpion (D:9)
  A wyvern skeleton (D:9)
  4 crimson imps
  3 goliath beetles
  A quasit (D:6)
  An orc priest (D:6)
  3 jellies
  3 orc wizards
  A giant frog skeleton (D:6)
  2 iguanas
  4 hounds
  2 killer bee zombies
  9 worker ants
  2 hound skeletons
  3 hound zombies (D:6)
  4 river rats (D:8)
  12 adders
  4 gnolls (D:4)
  A shadow imp (D:5)
  A giant mite (D:4)
  A worm (D:2)
  4 adder skeletons
  3 giant geckos
  44 orcs
  A bat zombie (D:6)
  12 hobgoblins
  18 jackals
  10 kobolds
  2 ball pythons (D:3)
  22 bats
  4 giant cockroaches
  2 giant gecko skeletons
  2 giant gecko zombies (D:6)
  14 giant newts
  12 goblins
  3 quokkas
  A quokka skeleton (D:4)
  A quokka zombie (D:6)
  26 rats
  2 ballistomycetes (D:7)
277 creatures vanquished.

Vanquished Creatures (others)
  A spriggan (D:7)
  A goliath beetle (D:6)
  An orc wizard (D:8)
  A hound zombie (D:6)
  3 giant spores (D:7)
  19 fungi (D:8)
  5 plants (D:8)
31 creatures vanquished.

Grand Total: 308 creatures vanquished

Notes
Turn   | Place    | Note
--------------------------------------------------------------
     0 | D:1      | SlimeFever, the Demonspawn Monk, began the quest for the Orb.
     0 | D:1      | Reached XP level 1. HP: 18/18 MP: 1/1
   377 | D:1      | Gained mutation: You have sharp toenails. [demonic ancestry]
   377 | D:1      | Reached XP level 2. HP: 21/24 MP: 2/2
   810 | D:1      | Reached skill level 4 in Unarmed Combat
   871 | D:1      | Reached XP level 3. HP: 6/29 MP: 3/3
  1744 | D:2      | Gained mutation: You can steal the life force of nearby defeated enemies. [demonic ancestry]
  1744 | D:2      | Reached XP level 4. HP: 32/36 MP: 4/4
  2257 | D:3      | Found a bloodstained altar of Trog.
  2653 | D:3      | Gained mutation: You have razor-sharp toenails. [demonic ancestry]
  2653 | D:3      | Reached XP level 5. HP: 38/42 MP: 5/5
  2654 | D:3      | Found an opulent altar of Gozag.
  3743 | D:4      | Found a staircase to the Ecumenical Temple.
  3799 | D:4      | HP: 1/42 [gnoll/spear (5)]
  3802 | D:4      | Reached skill level 5 in Unarmed Combat
  3852 | Temple   | Entered the Ecumenical Temple
  3867 | Temple   | Became a worshipper of Ru the Awakened
  3876 | Temple   | Gained mutation: You cannot study or cast Poison magic. [Ru sacrifice]
  3876 | Temple   | Gained mutation: You cannot study or cast Necromancy magic. [Ru sacrifice]
  3876 | Temple   | Gained mutation: You cannot study or cast Conjurations magic. [Ru sacrifice]
  3876 | Temple   | Acquired Ru's first power
  3968 | D:4      | Gained mutation: You are partially covered in molten scales (AC +1). [demonic ancestry]
  3968 | D:4      | Reached XP level 6. HP: 37/48 MP: 6/6
  4067 | D:4      | Found a shadowy altar of Dithmenos.
  4279 | D:4      | Found a bloodstained altar of Trog.
  4459 | D:5      | Entered Level 5 of the Dungeon
  4631 | D:5      | Noticed Blork the orc
  4648 | D:5      | Killed Blork the orc
  5388 | D:5      | Reached XP level 7. HP: 15/55 MP: 7/7
  5654 | D:6      | Found a shadowy altar of Dithmenos.
  5686 | D:6      | Reached skill level 1 in Throwing
  5686 | D:6      | Reached skill level 6 in Unarmed Combat
  5851 | D:6      | Gained mutation: You are slightly vulnerable to magic. [Ru sacrifice]
  5851 | D:6      | Acquired Ru's second power
  6023 | D:6      | Reached skill level 5 in Fighting
  6382 | D:6      | Found a shattered altar of Ashenzari.
  6618 | D:6      | Reached skill level 5 in Dodging
  6622 | D:6      | Found a radiant altar of Vehumet.
  6770 | D:6      | Gained mutation: You have claws for feet. [demonic ancestry]
  6770 | D:6      | Reached XP level 8. HP: 53/62 MP: 8/8
  7257 | D:6      | Reached skill level 7 in Unarmed Combat
  8196 | D:7      | Gained mutation: You are vulnerable to magic. [Ru sacrifice]
  8196 | D:7      | Acquired Ru's third power
  8359 | D:7      | Got a polished plate armour
  8374 | D:7      | Identified the +7 plate armour of Goimn {Str-4 Int+8 Dex+4 Slay-6 SInv} (You found it on level 7 of the Dungeon)
  9172 | D:8      | Reached XP level 9. HP: 62/69 MP: 9/9
  9317 | D:8      | Found a stormy altar of Qazlal.
  9357 | D:8      | Reached skill level 8 in Unarmed Combat
  9998 | D:8      | Found a staircase to the Lair.
 10302 | D:9      | Found a burning altar of Makhleb.
 10860 | D:9      | Gained mutation: You are hated by all. [Ru sacrifice]
 10860 | D:9      | Acquired Ru's fourth power
 11167 | D:9      | Reached skill level 1 in Bows
 11167 | D:9      | Reached skill level 9 in Unarmed Combat
 11277 | D:9      | Got a crystal hand axe
 11278 | D:9      | Identified the cursed -2 hand axe "Pirolud" {pain, +Rage rF+ MR+ MP+9} (You found it on level 9 of the Dungeon)
 11337 | D:9      | Gained mutation: You are mostly covered in molten scales (AC +3, EV -1). [demonic ancestry]
 11337 | D:9      | Reached XP level 10. HP: 69/77 MP: 10/10
 12060 | D:10     | Entered Level 10 of the Dungeon
 12060 | D:10     | Found an ancient bone altar of Kikubaaqudgha.
 12060 | D:10     | Noticed Kharon's ghost (powerful DEWz)
 12152 | D:10     | Killed from afar by an orc priest

Action                   |  1- 3 |  4- 6 |  7- 9 | 10-12 || total
-------------------------+-------+-------+-------+-------++-------
Melee: Unarmed           |   191 |   335 |   853 |       ||  1379
       Hand axe          |       |       |    16 |   107 ||   123
 Fire: Shortbow          |       |       |    26 |       ||    26
Throw: Stone             |    11 |       |       |       ||    11
       Tomahawk          |       |     9 |    55 |     3 ||    67
Invok: Sacrifice Arcana  |       |     1 |       |       ||     1
       Sacrifice Essence |       |       |     2 |       ||     2
       Sacrifice Love    |       |       |     1 |       ||     1
  Use: Scroll            |     7 |     6 |     8 |     6 ||    27
       Potion            |     1 |     4 |     3 |     2 ||    10
 Stab: Sleeping          |     3 |     5 |     3 |       ||    11
       Invisible         |       |       |    16 |       ||    16
       Distracted        |       |       |     1 |     1 ||     2
  Eat: Meat ration       |     1 |     2 |     1 |       ||     4
       Bread ration      |       |       |     3 |     1 ||     4
       Fruit             |       |       |     3 |       ||     3
